 Dungeon Crawl Stone Soup version 0.30-a0-174-gbc10bd73c2 (webtiles) character file.

Game seed: 16268788590160197602

14819 qw the Cleaver (level 12, -10/77 HPs)
             Began as a Gargoyle Fighter on Oct 1, 2022.
             Was a High Priest of Okawaru.
             Mangled by a red ugly thing (15 damage)
             ... in a Gauntlet.
             The game lasted 00:04:26 (9828 turns).

qw the Cleaver (Gargoyle Fighter)                   Turns: 9828, Time: 00:04:26

Health: -10/77     AC: 27    Str: 29    XL:     12   Next: 20%
Magic:  26/27      EV: 11    Int: 15    God:    Okawaru [*****.]
Gold:   714        SH:  0    Dex: 15    Spells: 11/11 levels left

rFire   . . .      SeeInvis .    Y - +5 war axe (chaos)
rCold   . . .      Faith    .    c - +0 buckler
rNeg    + . .      Spirit   .    i - +0 plate armour
rPois   inf        Reflect  .    l - +0 helmet
rElec   +          Harm     .    (no cloak)
rCorr   .          Rampage  .    (no gloves)
Will    .....      NoTele   +    e - +0 pair of boots
Stlth   ..........               k - amulet of regeneration
HPRegen 1.12/turn                a - +6 ring of dexterity
MPRegen 0.20/turn                j - ring "Bacaag" {MP+9 Str+4 Int+6}

@: confused, heroic
A: sickness immunity, AC +8, negative energy resistance 1, electricity
resistance, torment resistance 1, petrification resistance
a: Renounce Religion, Heroism, Finesse, Duel


You were in a Gauntlet.
You worshipped Okawaru.
Okawaru was extremely pleased with you.
You visited 3 branches of the dungeon, and saw 11 of its levels.
You also visited: Gauntlet.

You collected 714 gold pieces.


Innate Abilities, Weirdness & Mutations

You are immune to sickness and miasma.
Your stone body is resilient. (AC +8)
You are immune to poison.
You resist negative energy. (rN+)
You are resistant to electric shocks. (rElec)
You are resistant to unholy torment.
You are immune to petrification.


   Skills:
 - Level 9.6(14.6) Fighting
 - Level 12.0(17.0) Axes
 - Level 8.0(13.0) Armour
 - Level 3.2(8.2) Dodging
 + Level 5.7(10.7) Shields
 + Level 9.1 Invocations


You had 11 spell levels left.
You didn't know any spells.
Your spell library was empty.

Inventory:

Hand Weapons
 f - a +1 antimagic flail
 Y - a +5 war axe of chaos (weapon)
Armour
 c - a +0 buckler (worn)
 e - a +0 pair of boots (worn)
 i - a +0 plate armour (worn)
 l - a +0 helmet (worn)
Jewellery
 a - a +6 ring of dexterity (left hand)
 j - the ring "Bacaag" (right hand) {MP+9 Str+4 Int+6}
   (You found it in a Gauntlet)

   [ring of intelligence]

   Str:       It affects your strength (+4).
   Int:       It affects your intelligence (+6).
   MP:        It affects your magic capacity (+9).
 k - an amulet of regeneration (around neck)
 q - a ring of ice
Scrolls
 h - 8 scrolls of teleportation
 o - 9 scrolls of identify
Potions
 b - a potion of cancellation
 d - 2 potions of might
 g - 2 potions of attraction
 m - a potion of haste
 n - 4 potions of lignification
 p - a potion of resistance

Dungeon Overview and Level Annotations

Branches:
Dungeon (9/15)             Temple (1/1) D:6            Lair (1/5) D:9
Gauntlet (1/1)
    Orc: D:9-12

Altars:
Ashenzari
Cheibriados
Dithmenos
Elyvilon
Fedhas
Gozag
Hepliaklqana
Kikubaaqudgha
Makhleb
Nemelex Xobeh
Okawaru
Qazlal
Ru
Sif Muna
Trog
Uskayaw
Vehumet
Wu Jian
Xom
Yredelemnul
Zin
The Shining One

Shops:
D:1 [   D:3 (   D:6 :

Annotations:
D:7 1 runed translucent door, Crazy Yiuf Gauntlet 5 transporters


Message History

The glowing orange brain is moderately wounded.
You completely miss the red ugly thing.
The glowing orange brain blinks!
The red ugly thing stings you.
You are engulfed in flames!!
You hit the white ugly thing.
The white ugly thing basks in the mutagenic energy and changes!
The purple ugly thing is lightly wounded.
You slash the red ugly thing! You slice the purple ugly thing!!
You freeze the purple ugly thing.
The purple ugly thing is heavily wounded.
You barely miss the red ugly thing.
The purple ugly thing closely misses you.
The red ugly thing stings you but does no damage.
You slice the purple ugly thing!!
The purple ugly thing seems to grow stronger.
The purple ugly thing is severely wounded.
You slash the red ugly thing! The purple ugly thing stings you.
The red ugly thing stings you but does no damage.
You slash the purple ugly thing!
The purple ugly thing is almost dead.
You slash the red ugly thing!
The red ugly thing seems to speed up.
The red ugly thing stings you but does no damage.
The glowing orange brain pulsates.
You slash the purple ugly thing!
You kill the purple ugly thing!
Okawaru accepts your kill.
You slash the red ugly thing!
The red ugly thing stings you but does no damage.
You slash the red ugly thing! You freeze the red ugly thing.
The red ugly thing is almost dead.
The glowing orange brain pulsates.
You are confused.
The red ugly thing stings you.
You are engulfed in flames!!
You bump into the stone wall.
The red ugly thing stings you.
You are engulfed in flames!!
The red ugly thing attacks as you move away!
The red ugly thing closely misses you. The red ugly thing stings you!
You are engulfed in flames!
You die...

##~.#8..^#....~##
##.#^...#.8..##
##~.#8..^#....~##
#~~.#########.~~#
##~.##.#.#.##.~##
##.#.#.#.#.#.##
##~.##.#G#G##.~##
#~~.#.#.#^#u#.~~#
##~.##.#.#@##.~##
##.#.#[#.#.#.##
##~.##(#^#.##.~##
#~~.#########.~~#
##~...........~##
##...........##
#~...........~#
#~~~#~~~#~~~#~~~#
##~###~###~###~##


You could see a red ugly thing (fast), an eye of devastation (summoned) and a
glowing orange brain.

Vanquished Creatures
  A catoblepas (Lair:1)
  A death yak (D:9)
  A tengu warrior (D:8)
  A deep elf pyromancer (D:7)
  2 ugly things
  A manticore (D:8)
  2 cane toads (Lair:1)
  An efreet (Gauntlet)
  An ice devil (Gauntlet)
  A hornet (D:9)
  Grinder (D:6)
  2 shadows (Gauntlet)
  A wyvern (D:9)
  A wraith (D:9)
  14 yaks
  3 fire elementals (Gauntlet)
  4 steam dragons
  A basilisk (D:9)
  2 water moccasins
  3 hell hounds (Gauntlet)
  A sky beast (D:8)
  2 orc warriors (D:6)
  2 ice beasts
  2 black bears
  An ogre (D:5)
  5 wolves (Lair:1)
  2 centaurs (D:9)
  8 kobold brigands
  4 bullfrogs
  5 necrophages
  A scorpion (D:6)
  13 wights
  16 killer bees
  4 howler monkeys
  A jelly (D:8)
  8 hounds
  7 orc priests
  3 gnoll boudas
  5 iguanas
  11 orc wizards
  8 gnolls
  7 adders
  2 shadow imps
  3 white imps
  3 worms
  A dart slug (D:2)
  40 orcs
  4 bats
  4 endoplasms
  4 giant cockroaches
  4 hobgoblins
  18 kobolds
  2 quokkas
  5 ball pythons
  3 frilled lizards
  10 goblins
  4 rats
267 creatures vanquished.

Vanquished Creatures (others)
  A fungus (Lair:1)
  4 plants
  4 withered plants (Gauntlet)
9 creatures vanquished.

Grand Total: 276 creatures vanquished

Notes
Turn   | Place    | Note
-------+----------+-------------------------------------------
     0 | D:1      | qw the Gargoyle Fighter began the quest for the Orb.
     0 | D:1      | Reached XP level 1. HP: 14/14 MP: 1/1
     0 | D:1      | 0 ||| qw: Version: 0.2-a-13-gfc7b4b4
     0 | D:1      | 0 ||| qw: Game counter: 1905
     0 | D:1      | 0 ||| qw: Always use a shield: true
     0 | D:1      | 0 ||| qw: God list: Okawaru
     0 | D:1      | 0 ||| qw: Allow faded altars: false
     0 | D:1      | 0 ||| qw: Do Orc after D:15 true
     0 | D:1      | 0 ||| qw: Do second Lair branch before Depths: true
     0 | D:1      | 0 ||| qw: Lair rune preference: random
     0 | D:1      | 0 ||| qw: Plans: Normal, Zot:1-4, God:TSO, Crypt, Tomb,
                  | Pan, Slime:5, Hells, Abyss, Orb
     0 | D:1      | 0 ||| PLANNING D:1-11
    21 | D:1      | Reached skill level 2 in Axes
    48 | D:1      | 48 ||| Stepping ~*~*~tactically~*~*~ (stealth).
    89 | D:1      | 89 ||| Stepping ~*~*~tactically~*~*~ (stealth).
   136 | D:1      | Reached XP level 2. HP: 19/19 MP: 2/2
   264 | D:1      | 264 ||| DROPPING +0 club.
   491 | D:1      | Reached skill level 3 in Axes
   551 | D:1      | Found Ihynalad's Antique Armour Boutique.
   565 | D:1      | 565 ||| SHOPLISTING +5 robe of Night {Dark Will+ SInv}
                  | (1500 gold, have 15).
   565 | D:1      | 565 ||| SHOPLISTING chain mail (112 gold, have 15).
   565 | D:1      | 565 ||| SHOPLISTING pair of runed gloves (187 gold, have
                  | 15).
   623 | D:1      | Reached XP level 3. HP: 23/23 MP: 3/3
   732 | D:1      | Found a faded altar of an unknown god.
   735 | D:1      | 735 ||| READING scroll labelled NIDONG TODINITOHI.
   736 | D:1      | 736 ||| READING scroll labelled EFOSAIX UTHUBU.
   737 | D:1      | 737 ||| READING 3 scrolls labelled PEOGEHA GODUST.
   968 | D:2      | Identified the +7 dagger of Circular Logic {elec, rF++
                  | Str+2}
  1288 | D:2      | 1288 ||| FLEEEEING.
  1311 | D:2      | Found a white marble altar of Elyvilon.
  1494 | D:2      | 1494 ||| UPGRADING to +6 ring of dexterity.
  1495 | D:2      | 1495 ||| READING scroll labelled FOUJUC IDGHUMP.
  1496 | D:2      | 1496 ||| READING scroll labelled RAICUH GOIST.
  1547 | D:3      | Reached XP level 4. HP: 27/28 MP: 4/4
  1562 | D:3      | 1562 ||| Stepping ~*~*~tactically~*~*~ (stealth).
  1564 | D:3      | 1564 ||| Stepping ~*~*~tactically~*~*~ (stealth).
  1570 | D:3      | 1570 ||| Stepping ~*~*~tactically~*~*~ (stealth).
  1583 | D:3      | 1583 ||| Stepping ~*~*~tactically~*~*~ (stealth).
  1585 | D:3      | 1585 ||| Stepping ~*~*~tactically~*~*~ (stealth).
  1600 | D:3      | Reached skill level 1 in Dodging
  1672 | D:3      | 1672 ||| Stepping ~*~*~tactically~*~*~ (hiding).
  1673 | D:3      | 1673 ||| Stepping ~*~*~tactically~*~*~ (hiding).
  1861 | D:3      | 1861 ||| Stepping ~*~*~tactically~*~*~ (stealth).
  1867 | D:3      | Reached skill level 4 in Axes
  1877 | D:3      | Reached XP level 5. HP: 22/32 MP: 5/5
  1935 | D:3      | Found Buzo's Weapon Shop.
  1937 | D:3      | 1937 ||| DROPPING +0 mace.
  2021 | D:3      | 2021 ||| Stepping ~*~*~tactically~*~*~ (stealth).
  2022 | D:3      | 2022 ||| Stepping ~*~*~tactically~*~*~ (stealth).
  2200 | D:3      | 2200 ||| UPGRADING to +0 chain mail.
  2210 | D:3      | 2210 ||| DROPPING +0 scale mail.
  2383 | D:4      | 2383 ||| Stepping ~*~*~tactically~*~*~ (stealth).
  2395 | D:4      | Reached skill level 5 in Axes
  2395 | D:4      | Reached XP level 6. HP: 30/37 MP: 6/6
  2530 | D:4      | 2530 ||| Stepping ~*~*~tactically~*~*~ (stealth).
  2531 | D:4      | 2531 ||| Stepping ~*~*~tactically~*~*~ (stealth).
  2533 | D:4      | 2533 ||| Stepping ~*~*~tactically~*~*~ (hiding).
  2536 | D:4      | 2536 ||| Stepping ~*~*~tactically~*~*~ (hiding).
  2601 | D:4      | 2601 ||| FLEEEEING.
  2602 | D:4      | 2602 ||| FLEEEEING.
  2956 | D:4      | 2956 ||| READING scroll labelled ENLAFA FIFEA.
  2957 | D:4      | 2957 ||| DRINKING 2 amethyst potions.
  2958 | D:4      | 2958 ||| DRINKING 2 fuming red potions.
  2971 | D:5      | Entered Level 5 of the Dungeon
  3022 | D:5      | Noticed a water moccasin
  3030 | D:5      | Killed a water moccasin
  3031 | D:5      | Reached skill level 6 in Axes
  3141 | D:5      | 3141 ||| Stepping ~*~*~tactically~*~*~ (stealth).
  3142 | D:5      | 3142 ||| Stepping ~*~*~tactically~*~*~ (stealth).
  3146 | D:5      | Reached XP level 7. HP: 38/43 MP: 7/7
  3158 | D:5      | 3158 ||| Stepping ~*~*~tactically~*~*~ (stealth).
  3175 | D:5      | HP: 10/43 [orc/+0 trident (3)]
  3176 | D:5      | 3176 ||| READING 2 scrolls of teleportation.
  3426 | D:5      | Reached skill level 7 in Axes
  3435 | D:5      | 3435 ||| Stepping ~*~*~tactically~*~*~ (hiding).
  3527 | D:5      | 3527 ||| Stepping ~*~*~tactically~*~*~ (hiding).
  3528 | D:5      | 3528 ||| Stepping ~*~*~tactically~*~*~ (hiding).
  3996 | D:5      | Reached XP level 8. HP: 37/49 MP: 8/8
  4111 | D:5      | Found a hazy altar of Hepliaklqana.
  4117 | D:5      | Found a blossoming altar of Fedhas.
  4119 | D:5      | 4119 ||| UPGRADING to +0 helmet.
  4124 | D:5      | 4124 ||| READING 2 scrolls labelled LIKACI LOHOO.
  4125 | D:5      | 4125 ||| READING scroll of enchant weapon.
  4125 | D:5      | 4125 ||| ENCHANTING +1 war axe.
  4126 | D:5      | 4126 ||| READING scroll labelled MAEFRO SAERIXO.
  4127 | D:5      | 4127 ||| READING 4 scrolls of identify.
  4127 | D:5      | 4127 ||| IDENTIFYING murky black potion
  4128 | D:5      | 4128 ||| READING 3 scrolls of identify.
  4128 | D:5      | 4128 ||| IDENTIFYING glowing red potion
  4129 | D:5      | 4129 ||| READING 2 scrolls of identify.
  4129 | D:5      | 4129 ||| IDENTIFYING cyan potion
  4130 | D:5      | 4130 ||| DROPPING potion of berserk rage.
  4131 | D:5      | 4131 ||| DROPPING potion of flight.
  4173 | D:6      | 4173 ||| Stepping ~*~*~tactically~*~*~ (hiding).
  4285 | D:6      | Found a broken altar of Ashenzari.
  4309 | D:6      | Found a staircase to the Ecumenical Temple.
  4310 | D:6      | 4310 ||| PLANNING TEMPLE
  4310 | D:6      | 4310 ||| UPGRADING to +0 plate armour.
  4320 | D:6      | 4320 ||| DROPPING +0 chain mail.
  4321 | D:6      | 4321 ||| READING scroll labelled JEONAC DEDED.
  4329 | Temple   | Entered the Ecumenical Temple
  4397 | Temple   | 4397 ||| PLANNING OKAWARU WORSHIP
  4631 | Temple   | Became a worshipper of Warmaster Okawaru
  4632 | Temple   | 4632 ||| PLANNING D:1-11
  4794 | D:6      | 4794 ||| Stepping ~*~*~tactically~*~*~ (hiding).
  4946 | D:6      | 4946 ||| DROPPING +0 flail.
  4989 | D:6      | Reached skill level 8 in Axes
  5078 | D:6      | Noticed Grinder
  5088 | D:6      | Paralysed by Grinder for 2 turns
  5090 | D:6      | Killed Grinder
  5091 | D:6      | Reached skill level 6 in Fighting
  5103 | D:6      | Found Kusaamp's Vocational Training.
  5205 | D:6      | 5205 ||| Stepping ~*~*~tactically~*~*~ (hiding).
  5317 | D:6      | Reached * piety under Okawaru
  5318 | D:6      | Reached XP level 9. HP: 56/56 MP: 9/9
  5516 | D:6      | 5516 ||| Stepping ~*~*~tactically~*~*~ (stealth).
  5517 | D:6      | 5517 ||| INVOKING Heroism.
  5519 | D:6      | 5519 ||| Stepping ~*~*~tactically~*~*~ (stealth).
  5527 | D:6      | Reached skill level 1 in Invocations
  5553 | D:6      | Found a radiant altar of Vehumet.
  5703 | D:6      | 5703 ||| READING scroll labelled HYTAXA SUAL.
  5704 | D:6      | 5704 ||| READING scroll labelled QALAANOUVA.
  5751 | D:7      | 5751 ||| INVOKING Heroism.
  5852 | D:7      | 5852 ||| Stepping ~*~*~tactically~*~*~ (hiding).
  5900 | D:7      | 5900 ||| INVOKING Heroism.
  5912 | D:7      | Reached skill level 9 in Axes
  5912 | D:7      | Reached skill level 3 in Invocations
  6145 | D:7      | Found a runed translucent door.
  6146 | D:7      | Noticed Crazy Yiuf
  6167 | D:7      | 6167 ||| READING scroll of enchant weapon.
  6167 | D:7      | 6167 ||| ENCHANTING +2 war axe of chaos.
  6226 | D:7      | Found a hide-covered altar of Uskayaw.
  6313 | D:7      | Noticed a deep elf pyromancer
  6316 | D:7      | 6316 ||| INVOKING Heroism.
  6320 | D:7      | Killed a deep elf pyromancer
  6519 | D:7      | 6519 ||| DROPPING orb of wrath.
  6520 | D:7      | 6520 ||| READING scroll labelled KULICW POGONI.
  6521 | D:7      | 6521 ||| READING 6 scrolls of identify.
  6521 | D:7      | 6521 ||| IDENTIFYING red potion
  6522 | D:7      | 6522 ||| READING 5 scrolls of identify.
  6522 | D:7      | 6522 ||| IDENTIFYING bubbling silvery potion
  6523 | D:7      | 6523 ||| DROPPING potion of degeneration.
  6582 | D:8      | 6582 ||| INVOKING Heroism.
  6663 | D:8      | 6663 ||| DRINKING potion of curing.
  6663 | D:8      | 6663 ||| (to cure confusion)
  6665 | D:8      | 6665 ||| INVOKING Heroism.
  6689 | D:8      | 6689 ||| READING scroll of enchant weapon.
  6689 | D:8      | 6689 ||| ENCHANTING +3 war axe of chaos.
  6693 | D:8      | Found a flagged portal.
  6709 | D:8      | 6709 ||| INVOKING Heroism.
  6782 | D:8      | 6782 ||| Stepping ~*~*~tactically~*~*~ (hiding).
  6787 | D:8      | 6787 ||| INVOKING Heroism.
  6794 | D:8      | Reached skill level 6 in Armour
  6844 | D:8      | 6844 ||| Stepping ~*~*~tactically~*~*~ (hiding).
  6845 | D:8      | 6845 ||| Stepping ~*~*~tactically~*~*~ (hiding).
  6856 | D:8      | Reached ** piety under Okawaru
  6924 | D:8      | 6924 ||| Stepping ~*~*~tactically~*~*~ (stealth).
  6930 | D:8      | Reached XP level 10. HP: 63/63 MP: 13/13
  6931 | D:8      | 6931 ||| Stepping ~*~*~tactically~*~*~ (stealth).
  6936 | D:8      | 6936 ||| INVOKING Heroism.
  7008 | D:8      | 7008 ||| Stepping ~*~*~tactically~*~*~ (hiding).
  7009 | D:8      | 7009 ||| Stepping ~*~*~tactically~*~*~ (hiding).
  7012 | D:8      | 7012 ||| INVOKING Heroism.
  7121 | D:8      | 7121 ||| Stepping ~*~*~tactically~*~*~ (stealth).
  7256 | D:8      | 7256 ||| Stepping ~*~*~tactically~*~*~ (stealth).
  7280 | D:8      | Noticed a green ugly thing
  7281 | D:8      | 7281 ||| FLEEEEING.
  7309 | D:8      | 7309 ||| Stepping ~*~*~tactically~*~*~ (stealth).
  7318 | D:8      | Killed a green ugly thing
  7319 | D:8      | Reached skill level 10 in Axes
  7326 | D:8      | 7326 ||| Stepping ~*~*~tactically~*~*~ (stealth).
  7385 | D:8      | 7385 ||| Stepping ~*~*~tactically~*~*~ (stealth).
  7387 | D:8      | 7387 ||| Stepping ~*~*~tactically~*~*~ (stealth).
  7388 | D:8      | 7388 ||| INVOKING Heroism.
  7408 | D:8      | 7408 ||| Stepping ~*~*~tactically~*~*~ (stealth).
  7409 | D:8      | Noticed a tengu warrior
  7413 | D:8      | 7413 ||| INVOKING Heroism.
  7417 | D:8      | Killed a tengu warrior
  7432 | D:8      | 7432 ||| FLEEEEING.
  7433 | D:8      | 7433 ||| INVOKING Heroism.
  7495 | D:8      | 7495 ||| Stepping ~*~*~tactically~*~*~ (stealth).
  7496 | D:8      | 7496 ||| INVOKING Heroism.
  7507 | D:8      | 7507 ||| Stepping ~*~*~tactically~*~*~ (stealth).
  7508 | D:8      | 7508 ||| Stepping ~*~*~tactically~*~*~ (stealth).
  7513 | D:8      | Reached *** piety under Okawaru
  7525 | D:8      | 7525 ||| INVOKING Heroism.
  7531 | D:8      | Noticed a manticore
  7541 | D:8      | Killed a manticore
  7708 | D:8      | 7708 ||| Stepping ~*~*~tactically~*~*~ (stealth).
  7718 | D:8      | Reached skill level 11 in Axes
  7841 | D:8      | 7841 ||| Stepping ~*~*~tactically~*~*~ (stealth).
  7842 | D:8      | 7842 ||| Stepping ~*~*~tactically~*~*~ (stealth).
  7854 | D:8      | Found a sacrificial altar of Ru.
  8051 | D:8      | 8051 ||| Stepping ~*~*~tactically~*~*~ (stealth).
  8089 | D:8      | 8089 ||| UPGRADING to amulet of regeneration.
  8094 | D:8      | 8094 ||| READING scroll labelled FUZUOPTAX INEU.
  8195 | D:8      | 8195 ||| READING 6 scrolls of identify.
  8195 | D:8      | 8195 ||| IDENTIFYING puce potion
  8271 | D:9      | 8271 ||| Stepping ~*~*~tactically~*~*~ (stealth).
  8281 | D:9      | 8281 ||| INVOKING Heroism.
  8282 | D:9      | Noticed a death yak
  8306 | D:9      | 8306 ||| INVOKING Heroism.
  8315 | D:9      | Killed a death yak
  8315 | D:9      | Reached **** piety under Okawaru
  8316 | D:9      | Reached skill level 9 in Fighting
  8316 | D:9      | Reached XP level 11. HP: 57/72 MP: 12/14
  8322 | D:9      | Found a staircase to the Lair.
  8351 | D:9      | 8351 ||| Stepping randomly (cloudy).
  8359 | D:9      | 8359 ||| Stepping ~*~*~tactically~*~*~ (hiding).
  8360 | D:9      | 8360 ||| INVOKING Heroism.
  8361 | D:9      | 8361 ||| Stepping ~*~*~tactically~*~*~ (cloud).
  8363 | D:9      | 8363 ||| Stepping ~*~*~tactically~*~*~ (cloud).
  8393 | D:9      | 8393 ||| INVOKING Heroism.
  8422 | D:9      | 8422 ||| Stepping ~*~*~tactically~*~*~ (stealth).
  8428 | D:9      | 8428 ||| INVOKING Heroism.
  8459 | D:9      | 8459 ||| Stepping ~*~*~tactically~*~*~ (stealth).
  8553 | D:9      | 8553 ||| Stepping ~*~*~tactically~*~*~ (hiding).
  8557 | D:9      | 8557 ||| Stepping ~*~*~tactically~*~*~ (hiding).
  8572 | D:9      | 8572 ||| INVOKING Heroism.
  8575 | D:9      | Reached skill level 6 in Invocations
  8875 | D:9      | 8875 ||| Stepping ~*~*~tactically~*~*~ (hiding).
  8876 | D:9      | 8876 ||| Stepping ~*~*~tactically~*~*~ (hiding).
  8959 | D:9      | 8959 ||| Stepping ~*~*~tactically~*~*~ (stealth).
  8960 | D:9      | 8960 ||| INVOKING Heroism.
  9192 | D:9      | 9192 ||| PLANNING LAIR
  9192 | D:9      | 9192 ||| READING scroll labelled ZIRUPEPPEU.
  9193 | D:9      | 9193 ||| READING 6 scrolls of identify.
  9193 | D:9      | 9193 ||| IDENTIFYING purple potion
  9194 | D:9      | 9194 ||| READING 5 scrolls of identify.
  9194 | D:9      | 9194 ||| IDENTIFYING fizzy white potion
  9195 | D:9      | 9195 ||| DROPPING potion of ambrosia.
  9212 | Lair:1   | Entered Level 1 of the Lair of Beasts
  9213 | Lair:1   | 9213 ||| PLANNING GAUNTLET
  9259 | Lair:1   | Noticed a catoblepas
  9260 | Lair:1   | 9260 ||| INVOKING Heroism.
  9281 | Lair:1   | HP: 11/72 [catoblepas (22)]
  9282 | Lair:1   | 9282 ||| READING 9 scrolls of teleportation.
  9283 | Lair:1   | 9283 ||| DRINKING potion of heal wounds.
  9286 | Lair:1   | Killed a catoblepas
  9303 | Lair:1   | 9303 ||| INVOKING Heroism.
  9309 | Lair:1   | Reached ***** piety under Okawaru
  9314 | Lair:1   | Reached skill level 12 in Axes
  9407 | Lair:1   | 9407 ||| Stepping ~*~*~tactically~*~*~ (stealth).
  9414 | Lair:1   | 9414 ||| INVOKING Heroism.
  9425 | Lair:1   | 9425 ||| READING scroll of enchant weapon.
  9425 | Lair:1   | 9425 ||| ENCHANTING +4 war axe of chaos.
  9431 | Lair:1   | Found a gate leading to a gauntlet.
  9432 | Lair:1   | 9432 ||| UPGRADING to +0 pair of boots.
  9447 | Lair:1   | 9447 ||| INVOKING Heroism.
  9473 | Gauntlet | Entered a Gauntlet
  9473 | Gauntlet | Found a transporter.
  9482 | Gauntlet | Found a transporter.
  9485 | Gauntlet | Found a transporter.
  9486 | Gauntlet | Found a transporter.
  9494 | Gauntlet | Noticed a wizard
  9497 | Gauntlet | Found a transporter.
  9498 | Gauntlet | Found a transporter.
  9499 | Gauntlet | Found a transporter.
  9507 | Gauntlet | Found a transporter.
  9510 | Gauntlet | Found a transporter.
  9511 | Gauntlet | Found a transporter.
  9519 | Gauntlet | Noticed a blizzard demon
  9522 | Gauntlet | Found a transporter.
  9522 | Gauntlet | Found a transporter.
  9523 | Gauntlet | Found a transporter.
  9525 | Gauntlet | Noticed a red ugly thing
  9526 | Gauntlet | Noticed a white ugly thing
  9527 | Gauntlet | Noticed a glowing orange brain
  9532 | Gauntlet | Found a transporter.
  9628 | Gauntlet | Identified the ring "Bacaag" {MP+9 Str+4 Int+6}
  9633 | Gauntlet | 9633 ||| UPGRADING to ring "Bacaag" {MP+9 Str+4 Int+6}.
  9697 | Gauntlet | 9697 ||| READING scroll labelled KIACYG KOJOMA.
  9704 | Gauntlet | 9704 ||| INVOKING Heroism.
  9708 | Gauntlet | Reached XP level 12. HP: 64/77 MP: 18/18
  9769 | Gauntlet | 9769 ||| READING 10 scrolls of identify.
  9769 | Gauntlet | 9769 ||| IDENTIFYING murky orange potion
  9789 | Gauntlet | Banished a blizzard demon
  9790 | Gauntlet | Reached skill level 3 in Dodging
  9797 | Gauntlet | Reached skill level 9 in Invocations
  9819 | Gauntlet | 9819 ||| INVOKING Heroism.
  9827 | Gauntlet | HP: 12/77 [red ugly thing (19)]
  9828 | Gauntlet | HP: 5/77 [red ugly thing (8)]
  9828 | Gauntlet | Mangled by a red ugly thing

Levels and vault maps discovered:
D:1:      mrwooster_arrival_statue_3, layout_loops_ring, serial_shops,
          nicolae_shop_overgrown_old_shop,
          hellmonk_ecumenical_altar_prayer_group, grunt_decor_fettered
D:2:      layout_loops_ring, basic_altar
D:3:      layout_basic, serial_shops, nicolae_shop_waterfront,
          grunt_ministairs_1, chequers_decorated_corner
D:4:      layout_basic
D:5:      layout_loops_ring, minitemple
D:6:      layout_loops_ring, lemuel_coloured_pillars_altar, ashenzari_altar_1,
          minmay_temple_entry_statues_fountains, nicolae_shop_vocational,
          uniq_grinder
D:7:      layout_cave_pools, mainiacjoe_overflow_alcove_2,
          guppyfry_early_elven_hall, uniq_crazy_yiuf_cottage
D:8:      layout_loops_ring, mainiacjoe_overflow_six_doors_small,
          enter_bailey_2, nzn_random_ring
D:9:      layout_loops_corners, david_lair_generic,
          minmay_fractal_squares_diagonal_5
Temple:   minmay_temple_bridge_d
Lair:1:   layout_gridlike, gauntlet_entry_generic, lemuel_old_faithful,
          serial_bayou_shore_b
Gauntlet: gammafunk_gauntlet_77_escape_option [minmay_gauntlet_arena_77_museum,
          minmay_gauntlet_arena_77_p_blocks,
          minmay_gauntlet_arena_77_broken_ladder,
          minmay_gauntlet_arena_77_chump_sandwich,
          minmay_gauntlet_arena_77_checkered, gauntlet_exit_watery]

Skill      XL: |  1  2  3  4  5  6  7  8  9 10 11 12 |
---------------+-------------------------------------+-----
Axes           | 2 3 4 5 6 7 8 9 11 12 | 12.0
Dodging        | 1 2 3 |  3.2
Fighting       | 4 5 6 7 9 |  9.6
Armour         | 5 6 7 8 |  8.0
Invocations    | 4 8 9 |  9.1
Shields        | 4 5 |  5.7

Action                   |  1- 3 |  4- 6 |  7- 9 | 10-12 || total
-------------------------+-------+-------+-------+-------++-------
Melee: War axe           |    91 |   137 |   311 |   363 ||   902
Throw: Boomerang         |       |     1 |       |       ||     1
Invok: Heroism           |       |       |     8 |    20 ||    28
  Use: Scroll            |     5 |     1 |    15 |     9 ||    30
       Potion            |       |     2 |     1 |     1 ||     4
Armor: Scale mail        |    41 |    32 |       |       ||    73
       Chain mail        |       |    47 |    56 |       ||   103
       Plate armour      |       |       |   108 |   203 ||   311
Dodge: Dodged            |    31 |    70 |   100 |    98 ||   299
Block: Buckler           |    14 |    34 |    59 |    85 ||   192

Table legend:
 A = Non-vault XP
 B = Vault XP
 C = Vault XP percentage of total XP
 D = Non-vault monster count
 E = Vault monster count
 F = Vault count percentage of total count
                 A         B        C        D         E       F
            +---------+---------+-------+---------+---------+-------
      Total |   11141 |   10029 |  47.4 |     217 |      51 |  19.0
            +---------+---------+-------+---------+---------+-------
        D:1 |      36 |       0 |   0.0 |      23 |       0 |   0.0
        D:2 |      45 |       0 |   0.0 |       8 |       0 |   0.0
        D:3 |     161 |      11 |   6.4 |      22 |       4 |  15.4
        D:4 |     188 |       0 |   0.0 |      19 |       0 |   0.0
        D:5 |     833 |       0 |   0.0 |      23 |       0 |   0.0
        D:6 |    1024 |     281 |  21.5 |      33 |       1 |   2.9
        D:7 |     548 |     554 |  50.3 |      13 |       1 |   7.1
        D:8 |    1784 |    3292 |  64.9 |      37 |      21 |  36.2
        D:9 |    2535 |    2152 |  45.9 |      22 |      10 |  31.2
     Lair:1 |    3987 |       0 |   0.0 |      17 |       0 |   0.0
   Gauntlet |       0 |    3739 | 100.0 |       0 |      14 | 100.0
            +---------+---------+-------+---------+---------+-------
